cohdb
Replays
Latest Replays
All Replays
Popular Replays
Top Player Replays
Match Explorer
How It Works
Community
CoH3 Stats
Reddit
Sign in to upload your games and track your stats! →
Sign in with Steam
Match 38422887
Unlisted
Match 38422887
Overview
Messages
Build Orders
End
Selects Italian Combined Arms Battlegroup
Selects Bersaglieri Squad
Bersaglieri Squad
250 Light Carrier
Bersaglieri Squad
Construct Light Support Kompanie
Bersaglieri Squad
Selects Bersaglieri Bolster
2.5-tonne Medical Truck
Bersaglieri Squad
Fire Support Elements
Selects Breda Model 30 Light Machine Guns
Flakvierling Half-track
Assault Mechanized Group
Construct Panzerarmee Kommand
Armored Reserves
Selects Semovente da 75/18 Assault Gun
Selects Strafing Run
Selects Artillery Cover
Pak 38 Anti-tank Gun Team
Emergency Repair Kits
Artillery Cover
Tiger Heavy Tank
Panzerpioneer Squad
낭만개미
REGULATOR
0
0
Comments
sign in to comment!
No comments posted yet!